 Dungeon Crawl Stone Soup version 0.30.1-9-gdf580d7c3d (webtiles) character file.

Game seed: 7629900777257380263

426 booth the Chopper (level 6, -1/57 HPs)
             Began as a Hill Orc Monk on Oct 4, 2023.
             Succumbed to a killer bee's poison
             ... on level 4 of the Dungeon.
             The game lasted 00:19:05 (2502 turns).

booth the Chopper (Hill Orc Monk)                   Turns: 2502, Time: 00:19:06

Health: -1/57      AC:  7    Str: 16    XL:     6   Next: 97%
Magic:  6/6        EV: 13    Int: 10    God:
Gold:   86         SH:  0    Dex: 13    Spells: 5/5 levels left

rFire   . . .        a - +0 hand axe
rCold   . . .        (no shield)
rNeg    . . .        e - +0 leather armour
rPois   .            (no helmet)
rElec   .            k - +0 cloak
rCorr   .            s - +2 pair of gloves
SInv    .            (no boots)
Will    .....        (no amulet)
Stlth   +            (no ring)
HPRegen 0.29/turn    (no ring)
MPRegen 0.10/turn

%: no passive effects
@: lethally poisoned (-1 -> -18)
A: no striking features
a: no special abilities


You were on level 4 of the Dungeon.
You visited 1 branch of the dungeon, and saw 6 of its levels.

You collected 86 gold pieces.

Inventory:

Hand Weapons
 a - a +0 hand axe (weapon)
 i - a +1 whip of holy wrath
 n - a +0 war axe
Missiles
 l - 5 poisoned darts (quivered)
 o - 2 silver boomerangs
Armour
 d - an orb of light
 e - a +0 leather armour (worn)
 f - a +0 ring mail
 k - a +0 cloak (worn)
 q - a +2 scale mail of cold resistance
 s - a +2 pair of gloves (worn)
Jewellery
 h - a ring of resist corrosion
 j - a +6 ring of intelligence
Scrolls
 r - a scroll of amnesia {unknown}
Potions
 b - 2 potions of mutation
 c - a potion of ambrosia
 m - a potion of flight


   Skills:
 + Level 6.0 Fighting
 + Level 6.6 Axes
 + Level 4.1 Dodging


You had 5 spell levels left.
You didn't know any spells.
Your spell library contained the following spells:

 Spells                   Type           Power      Damage    Failure   Level
 Shock                    Conj/Air       0%         1d3       43%         1
 Swiftness                Air            0%         N/A       80%         3
 Airstrike                Air            0%         2d(0-16)  99%         4


Dungeon Overview and Level Annotations

Branches:
Dungeon (6/15)
 Temple: D:4-7

Altars:

Shops:
D:6 ?


Message History

You barely miss the killer bee.
You feel very sick. The killer bee barely misses you.
The killer bee stings you.
* * * LOW HITPOINT WARNING * * *
You are lethally poisoned!
The killer bee poisons you!
The killer bee stings you but does no damage.
The killer bee stings you.
* * * LOW HITPOINT WARNING * * *
You completely miss the killer bee.
The killer bee is moderately wounded.
You hit the killer bee but do no damage.
* * * LOW HITPOINT WARNING * * *
You feel very sick.
The killer bee stings you but does no damage.
The killer bee closely misses you. The killer bee misses you. x2
You miss the killer bee.
The killer bee is moderately wounded.
You miss the killer bee.
* * * LOW HITPOINT WARNING * * *
You feel sick.
The killer bee stings you but does no damage.
The killer bee barely misses you.
The killer bee stings you but does no damage.
The killer bee misses you.
You closely miss the killer bee.
The killer bee is moderately wounded.
You hit the killer bee.
* * * LOW HITPOINT WARNING * * *
You feel very sick. The killer bee stings you.
* * * LOW HITPOINT WARNING * * *
You are more poisoned.
The killer bee poisons you!
The killer bee stings you but does no damage. x2
The killer bee barely misses you.
You hit the killer bee but do no damage.
The killer bee is moderately wounded.
You hit the killer bee but do no damage.
You die...

##### #.y.#
#>#@# ##.#y#
####....######?#
#...............
#.##......y.....
##.########..
#.# ..# ###


You could see 2 killer bees.

Vanquished Creatures
  Sigmund (D:2)
  A killer bee (D:4)
  A jelly (D:6)
  2 orc wizards (D:6)
  5 gnolls
  3 adders
  A worm (D:2)
  6 dart slugs (D:3)
  3 orcs (D:6)
  3 ball pythons
  3 bats (D:1)
  3 endoplasms
  A giant cockroach (D:1)
  6 goblins
  4 hobgoblins
  4 quokkas
  7 frilled lizards
  3 kobolds
  7 rats
64 creatures vanquished.

Notes
Turn   | Place    | Note
-------+----------+-------------------------------------------
     0 | D:1      | booth the Hill Orc Monk began the quest for the Orb.
     0 | D:1      | Reached XP level 1. HP: 19/19 MP: 1/1
   254 | D:1      | Reached XP level 2. HP: 27/27 MP: 2/2
   544 | D:1      | Reached XP level 3. HP: 20/33 MP: 3/3
  1205 | D:2      | Reached XP level 4. HP: 41/41 MP: 4/4
  1268 | D:2      | Noticed Sigmund
  1298 | D:2      | Killed Sigmund
  1299 | D:2      | Reached skill level 5 in Fighting
  1299 | D:2      | Reached skill level 5 in Axes
  1299 | D:2      | Reached XP level 5. HP: 32/48 MP: 5/5
  1579 | D:2      | Reached XP level 6. HP: 56/56 MP: 6/6
  2314 | D:3      | You fall into a shaft and drop 3 floors!
  2377 | D:6      | Found the +8 trident of the Octopus King {venom, rElec
                  | rPois}
  2383 | D:6      | Found Laliawox's Magic Scroll Emporium.
  2438 | D:5      | Entered Level 5 of the Dungeon
  2502 | D:4      | Succumbed to a killer bee's poison

Illustrated notes

Levels and vault maps discovered:
D:1:      saegor_arrival_simple_b, layout_basic, minmay_pentomino_x4
D:2:      layout_loops_cross, minmay_door_square, uniq_sigmund
D:3:      kennysheep_slugbush, layout_basic, evilmike_ruin_ashenzari,
          uniq_natasha
D:4:      layout_loops_ring, minmay_temple_entry_glass
D:5:      layout_gridville, kennysheep_decorative_pillar, uniq_ijyb
D:6:      layout_basic, mainiacjoe_overflow_catwalk_spiral,
          hangedman_decor_points, nicolae_stop_n_shop_1

Skill      XL: |  1  2  3  4  5  6 |
---------------+-------------------+-----
Fighting       | 4 5 6 |  6.0
Dodging        | 3 4 |  4.1
Axes           | 5 6 |  6.6

Action                     |  1- 3 |  4- 6 || total
---------------------------+-------+-------++-------
  Melee: Hand axe          |    83 |   129 ||   212
    Use: Potion            |       |     5 ||     5
         Scroll            |       |     4 ||     4
 Armour: Robe              |     4 |       ||     4
         Leather armour    |    13 |    33 ||    46
  Dodge: Dodged            |    47 |    98 ||   145
